 Dungeon Crawl Stone Soup version 0.30-a0-737-gf23d94013f (webtiles) character file.

Game seed: 3790566194103660008

2 holysushi the Sneak (level 1, -3/16 HPs)
             Began as an Octopode Delver on Feb 3, 2023.
             Slain by a scorpion (6 damage)
             ... on level 4 of the Dungeon.
             The game lasted 00:01:08 (120 turns).

holysushi the Sneak (Octopode Delver)                Turns: 120, Time: 00:01:09

Health: -3/16      AC:  1    Str: 11    XL:     1   Next: 40%
Magic:  1/1        EV: 13    Int: 12    God:
Gold:   0          SH:  0    Dex: 13    Spells: 0/0 levels left

rFire   . . .      SeeInvis .    a - +0 short sword
rCold   . . .      Faith    .    (no shield)
rNeg    . . .      Spirit   .    (helmet restricted)
rPois   .          Reflect  .    (no amulet)
rElec   .          Harm     .    (no ring)
rCorr   .          Rampage  .    (no ring)
Will    .....                    (no ring)
Stlth   ++++                     (no ring)
HPRegen 0.22/turn                (no ring)
MPRegen 0.07/turn                (no ring)
                                 (no ring)
                                 (no ring)

@: lethally poisoned (-3 -> -9), hasted, very quick
A: almost no armour, amphibious, 8 rings, camouflage 1, gelatinous body 1,
(nimble swimmer 1), tentacles
a: no special abilities


You were on level 4 of the Dungeon.
You visited 1 branch of the dungeon, and saw 2 of its levels.

Inventory:

Hand Weapons
 a - a +0 short sword (weapon)
Wands
 f - a wand of digging (3)
Scrolls
 b - a scroll of fog
 c - a scroll of magic mapping
 d - a scroll of fear


   Skills:
 - Level 3.0 Fighting
 + Level 2.2 Short Blades
 - Level 2.0 Dodging
 - Level 6.6 Stealth


You couldn't memorise any spells.
You didn't know any spells.
Your spell library was empty.

Dungeon Overview and Level Annotations

Branches:
Dungeon (5/15) Zot: 11887
 Temple: D:4-7

Altars:
Ru


Innate Abilities, Weirdness & Mutations

You cannot wear most types of armour.
You are amphibious.
You can wear up to eight rings at the same time.
Your skin changes colour to match your surroundings (Stealth+).
Your rubbery body absorbs attacks. (AC +1, EV +1)
((You are camouflaged when in or above water. (Stealth+)))
You have tentacles for arms and can constrict up to eight enemies at once.


Message History

Found 4 stones, 8 gold pieces and a scroll labelled UVOHON YKKUTA.
The gnoll shouts!
You hear an angry hiss.
You hear a shout! x3
A goblin comes into view. It is wielding a +0 club.
You see here a scroll labelled UVOHON YKKUTA.
Okay, then.
Okay, then.
You feel yourself speed up.
You barely miss the goblin. Your grab misses the goblin.
You closely miss the goblin. Your grab misses the goblin.
The goblin hits you with a +0 club. The adder closely misses you.
You barely miss the goblin. Your grab misses the goblin.
You closely miss the goblin. Your grab misses the goblin. The adder bites you.
The goblin closely misses you.
You closely miss the goblin. Your grab misses the goblin. The adder bites you.
The goblin barely misses you.
You hit the goblin. Your grab misses the goblin.
The goblin is severely wounded.
The adder bites you.
You hit the goblin.
You kill the goblin!
An orc comes into view.
It is wielding a +0 flail and quivering boomerangs of dispersal.
Things that are here:
a +0 club; a goblin corpse The endoplasm jiggles.
An orc comes into view. It is wielding a +0 dagger.
The orc closely misses you.
The orc throws a boomerang of dispersal.
The boomerang of dispersal closely misses you.
An orc and a goblin come into view.
An orc comes into view. It is wielding a +0 club. x2
An orc comes into view. It is wielding a +0 short sword.
The orc shouts! x3; You hear a shout!
A scorpion comes into view.
You hear a shout!
The scorpion stings you.
You are lethally poisoned!
The scorpion poisons you!
* * * LOW HITPOINT WARNING * * *
You feel sick. The scorpion stings you.
You die...

. #.# # #.# ## #
...#. # ###.#.# #
.....#### # # # #o...
...# .# # #..## ##.#
.#
#######...###...##..#
g.)........#.# #@#..#
#####SJ.o....# #.s..#
...........#.###.##.#
#######...###..o## #
##.## #.So#
####........
#.#...#### #.###.# #
#.#


You could see a scorpion and 2 orcs.

Vanquished Creatures
  A goblin (D:4)
  A quokka (D:5)
2 creatures vanquished.

Notes
Turn   | Place    | Note
-------+----------+-------------------------------------------
     0 | D:5      | holysushi the Octopode Delver began the quest for the Orb.
     0 | D:5      | Reached XP level 1. HP: 16/16 MP: 1/1
    35 | D:5      | Found a sacrificial altar of Ru.
   116 | D:4      | Noticed a scorpion
   120 | D:4      | Slain by a scorpion

Illustrated notes

Levels and vault maps discovered:
D:4:      layout_loops_ring
D:5:      layout_cave_pools, mainiacjoe_overflow_alcove_2,
          general_overflow_altar, hellmonk_bongcloud_opening

Action                     || total
---------------------------++-------
  Melee: Short sword       ||     8
    Use: Potion            ||     1
   Stab: Sleeping          ||     1
  Dodge: Dodged            ||     5

Table legend: (Time is in decaauts)
 A = Elapsed time spent in this place.
 B = Non-inter-level travel time spent in this place.
 C = Inter-level travel time spent in this place.
 D = Time resting spent in this place.
 E = Time spent auto-exploring this place.
 F = Levels seen in this place.
 G = Mean time per level.
                   A        B        C        D        E       F      G
               +--------+--------+--------+--------+--------+-----+--------+
         Total |    111 |    111 |      0 |      0 |      0 |   2 |   55.5 |
       Dungeon |    111 |    111 |      0 |      0 |      0 |   2 |   55.5 |
               +--------+--------+--------+--------+--------+-----+--------+

Top non-repeatable levels by time:
     D:5: 87 daAuts
     D:4: 23 daAuts
